 Dungeon Crawl Stone Soup version 0.31-a0-700-gf13585253f (webtiles) character file.

Game seed: 3149152539339659594

78712 zero the Devastator (level 15, 0/92 HPs)
             Began as a Gargoyle Earth Elementalist on Sept 7, 2023.
             Was a High Priest of Vehumet.
             Slain by a catoblepas (20 damage)
             ... on level 5 of the Lair of Beasts.
             The game lasted 00:34:59 (26120 turns).

zero the Devastator (Gargoyle Earth Elementalist)  Turns: 26120, Time: 00:34:59

Health: 0/92       AC: 20    Str: 13    XL:     15   Next: 61%
Magic:  4/38       EV: 13    Int: 28    God:    Vehumet [*****.]
Gold:   1300       SH:  0    Dex: 10    Spells: 10/34 levels left

rFire   + . .        i - +6 long sword (flame)
rCold   . . .        (no shield)
rNeg    + . .        z - +1 robe {Will+}
rPois   ∞            m - +0 hat
rElec   +            y - +1 cloak
rCorr   .            p - +2 pair of gloves
SInv    .            (no boots)
Will    ++...        G - amulet of the acrobat
Stlth   ++           k - ring of Seguet Pitin {rF+ MP+9}
HPRegen 0.35/turn    u - +6 ring of intelligence
MPRegen 0.26/turn

%: acrobat
@: flying
A: sickness immunity, AC +11, big wings, negative energy resistance 1,
electricity resistance, torment resistance 1, petrification resistance
a: Renounce Religion


You were on level 5 of the Lair of Beasts.
You worshipped Vehumet.
Vehumet was extremely pleased with you.
You visited 3 branches of the dungeon, and saw 18 of its levels.

You collected 2501 gold pieces.
You spent 1201 gold pieces at shops.

Inventory:

Hand Weapons
 i - a +6 long sword of flaming (weapon)
Armour
 m - a +0 hat (worn)
 p - a +2 pair of gloves (worn)
 y - a +1 cloak (worn)
 z - a +1 robe of willpower (worn)
Jewellery
 k - the ring of Seguet Pitin (left hand) {rF+ MP+9}
   (You acquired it on level 2 of the Dungeon)

   [ring of magical power]

   rF+:       It protects you from fire.
   MP+9:      It affects your magic capacity (+9).
 r - the ring of Xackusif {rC+ rN+ Will+ rCorr SInv}
   (You acquired it on level 4 of the Dungeon)

   [ring of see invisible]

   rC+:       It protects you from cold.
   rN+:       It protects you from negative energy.
   Will+:     It increases your willpower.
   SInv:      It lets you see invisible.
   rCorr:     It protects you from acid and corrosion.
 u - a +6 ring of intelligence (right hand)
 C - the ring "Jiwougin" {rC+ Will+ Str+6 Int+3}
   (You found it on level 3 of the Lair of Beasts)

   [ring of strength]

   Str+6:     It affects your strength (+6).
   Int+3:     It affects your intelligence (+3).
   rC+:       It protects you from cold.
   Will+:     It increases your willpower.
 G - an amulet of the acrobat (around neck)
Wands
 a - a wand of mindburst (5)
 e - a wand of polymorph (41)
 q - a wand of charming (9)
 v - a wand of quicksilver (15)
 F - a wand of roots (13)
Scrolls
 c - a scroll of identify
 f - 3 scrolls of immolation
 j - 4 scrolls of blinking
 n - 3 scrolls of revelation
 o - 2 scrolls of vulnerability
 t - 4 scrolls of teleportation
 B - a scroll of poison
 D - a scroll of silence
 E - a scroll of fear
Potions
 b - a potion of magic
 d - 3 potions of brilliance
 g - 3 potions of mutation
 h - 3 potions of ambrosia
 l - 2 potions of attraction
 s - 2 potions of lignification
 w - 5 potions of curing
 x - a potion of haste
 A - 3 potions of might
 H - a potion of heal wounds
 I - a potion of resistance
 J - a potion of invisibility


   Skills:
 + Level 9.7 Fighting
 - Level 3.0 Long Blades
 - Level 6.0 Armour
 * Level 4.2 Dodging
 - Level 2.1 Stealth
 + Level 10.4 Spellcasting
 + Level 16.6 Conjurations
 - Level 10.0 Summonings
 - Level 0.7 Transmutations
 - Level 4.0 Air Magic
 * Level 9.7 Earth Magic


You had 10 spell levels left.
You knew the following spells:

 Your Spells              Type           Power      Damage    Failure   Level
a - Sandblast             Erth           100%       2d20      1%          1
b - Stone Arrow           Conj/Erth      100%       3d13      1%          3
c - Orb of Destruction    Conj           41%        9d11      1%          7
d - Spellforged Servitor  Conj/Summ      36%        N/A       4%          7
e - Arcjolt               Conj/Air       32%        1d42      1%          5
g - Apportation           Tloc           28%        N/A       3%          1

Your spell library contained the following spells:

 Spells                   Type           Power      Damage    Failure   Level
 Airstrike                Air            18%        2d(3-19)  2%          4
 Summon Small Mammal      Summ           100%       N/A       1%          1
 Passwall                 Tmut/Erth      35%        N/A       1%          2
 Summon Guardian Golem    Hex/Summ       42%        N/A       1%          3
 Fulminant Prism          Conj/Hex       28%        3d14      1%          4
 Fireball                 Conj/Fire      28%        3d12      1%          5
 Necrotise                Necr           56%        1d6       3%          1
 Inner Flame              Hex/Fire       14%        N/A       3%          3
 Volatile Blastmotes      Fire/Tloc      28%        2d12      3%          3
 Petrify                  Tmut/Erth      43%        N/A       4%          4
 Lesser Beckoning         Tloc           28%        N/A       6%          2
 Yara's Violent Unravell  Hex/Tmut       8%         3d5       24%         5
 Cause Fear               Hex            7%         N/A       36%         4
 Enfeeble                 Hex            7%         N/A       100%        7
 Chain Lightning          Conj/Air       32%        3d42      100%        9
 Dragon's Call            Summ           31%        N/A       100%        9


Dungeon Overview and Level Annotations

Branches:
Dungeon (12/15)            Temple (1/1) D:4            Lair (5/5) D:9
 Shoals (0/4) Lair:3        Snake (0/4) Lair:2        Slime (0/5) Lair:5
    Orc (0/2) D:9

Altars:
Ashenzari
Cheibriados
Dithmenos
Elyvilon
Fedhas
Gozag
Hepliaklqana
Kikubaaqudgha
Makhleb
Nemelex Xobeh
Okawaru
Qazlal
Ru
Sif Muna
Trog
Uskayaw
Vehumet
Wu Jian
Xom
Yredelemnul
Zin
The Shining One
Jiyva

Shops:
D:2 =*=(

Annotations:
D:6 1 exclusion
D:10 1 exclusion
Lair:4 exclusion: downstairs


Innate Abilities, Weirdness & Mutations

You are immune to sickness and miasma.
Your stone body is resilient. (AC +11)
You are immune to poison.
Your large and strong wings let you fly.
You resist negative energy. (rN+)
You are resistant to electric shocks. (rElec)
You are resistant to unholy torment.
You are immune to petrification.


Message History

The catoblepas is heavily wounded.
The catoblepas misses you.
You hit the catoblepas. You burn the catoblepas.
The catoblepas is heavily wounded.
The catoblepas closely misses you.
The catoblepas breathes a plume of calcifying dust at you.
The blast of calcifying dust hits you but does no damage.
You hit the catoblepas but do no damage.
The catoblepas is heavily wounded.
The catoblepas barely misses you.
You hit the catoblepas. You burn the catoblepas.
The catoblepas is heavily wounded.
The blink frog blinks!
The catoblepas gores you!
You slash the catoblepas! You burn the catoblepas.
The catoblepas is severely wounded.
The catoblepas gores you!!
* * * LOW HITPOINT WARNING * * *
You hit the catoblepas. You burn the catoblepas.
The catoblepas is severely wounded.
The catoblepas breathes a plume of calcifying dust at you.
The blast of calcifying dust hits you.
* * * LOW HITPOINT WARNING * * *
The blink frog blinks!
The catoblepas breathes a plume of calcifying dust at you.
The blast of calcifying dust hits you but does no damage.
You hit the catoblepas but do no damage.
The catoblepas is severely wounded.
The catoblepas breathes a plume of calcifying dust at you.
The blast of calcifying dust hits you!
* * * LOW HITPOINT WARNING * * *
Okay, then.
Casting: Arcjolt (mildly dangerous; 1% risk of failure)
Confirm with . or Enter, or press ? or * to list all spells.
Aiming: Stone Arrow (safe; 1% risk of failure)
Press: ? - help, Shift-Dir - straight line, f - catoblepas
Aim: a catoblepas (severely wounded, 100% to hit)
The stone arrow hits the catoblepas!!
The catoblepas is almost dead.
The catoblepas gores you!!
You die...

##..9.#.#.##.# ##
#.##S.#.#..#.# #.
###......F...### ##.
##..........#.#.## #..
#....####.#.†....###..
#.....# #...#....#.#..
#.F#### #..#.##....##.
##.#Y## #####.#.....#.
#...#@# ###.......
#P#.### ##.#.#.. #####
######. #. ##


You could see a catoblepas and a blink frog.

Vanquished Creatures
  Gastronok (Lair:2)
  Kirke (D:11)
  Josephine (D:11)
  A nameless horror (D:9)
  2 hydras
  A centaur warrior (D:11)
  A boulder beetle (Lair:2)
  4 two-headed ogres
  5 death yaks
  Urug (Lair:5)
  2 skysharks
  Amaemon (Lair:1)
  Pikel (D:9)
  A cyclops (D:7)
  3 elephants (Lair:5)
  3 merfolk sirens (Lair:3)
  Maurice (D:9)
  9 cane toads
  4 black mambas
  2 gargoyles
  An orange demon (D:9)
  A rime drake (D:9)
  6 komodo dragons
  An unseen horror (D:12)
  2 kobold demonologists
  A queen bee (Lair:5)
  A merfolk (Lair:3)
  3 meliai (Lair:5)
  3 polar bears
  A troll (D:12)
  20 blink frogs
  2 slime creatures
  9 wraiths
  A wyvern (Lair:4)
  2 vampires
  2 hogs (D:11)
  5 basilisks
  47 yaks
  2 steam dragons
  2 vampire mosquitoes (D:11)
  3 nagas (Lair:2)
  A small abomination (Lair:5)
  Menkaure (D:6)
  16 water moccasins
  An acid dragon (D:11)
  2 orc warriors
  3 black bears
  5 ice beasts
  2 ogres
  15 wolves
  8 centaurs
  Blork the orc (D:6)
  6 kobold brigands
  14 bullfrogs
  A gnoll sergeant (D:6)
  4 scorpions
  9 wights
  25 killer bees
  2 vampire bats (D:8)
  3 howler monkeys (D:8)
  4 jellies
  A hound (D:5)
  Crazy Yiuf (D:2)
  6 orc priests
  A sleepcap (D:6)
  7 iguanas
  11 orc wizards
  4 hell rats (Lair:4)
  14 gnolls
  8 adders
  A shadow imp (D:7)
  2 white imps
  2 ufetubi (D:6)
  2 worms
  2 dart slugs
  27 orcs
  5 ball pythons
  3 bats
  2 bat skeletons (D:8)
  3 bat zombies (D:8)
  10 endoplasms
  4 giant cockroaches
  7 goblins
  7 hobgoblins
  5 jackals (D:1)
  3 quokkas
  A frilled lizard (D:1)
  24 kobolds
  7 rats
453 creatures vanquished.

Vanquished Creatures (collateral kills)
  A skyshark (Lair:5)
  A lindwurm (Lair:5)
  An ugly thing (Lair:5)
  3 elephants (Lair:5)
  2 smoke demons (Lair:5)
  A cane toad (Lair:5)
  A raiju (Lair:5)
  7 blink frogs (Lair:5)
  A slime creature (Lair:5)
  5 yaks
  A basilisk (Lair:5)
  4 small abominations (Lair:5)
  3 wolves
  2 jellies (Lair:5)
33 creatures vanquished.

Vanquished Creatures (others)
  A human (D:12)
  A centaur (D:12)
2 creatures vanquished.

Grand Total: 488 creatures vanquished

Notes
Turn   | Place    | Note
-------+----------+-------------------------------------------
     0 | D:1      | zero the Gargoyle Earth Elementalist began the quest for
                  | the Orb.
     0 | D:1      | Reached XP level 1. HP: 10/10 MP: 3/3
    80 | D:1      | Reached skill level 1 in Fighting
   228 | D:1      | Reached XP level 2. HP: 17/17 MP: 1/5
   914 | D:1      | Reached XP level 3. HP: 22/22 MP: 3/6
   921 | D:1      | Learned a level 3 spell: Stone Arrow
  1187 | D:2      | Found Ykkiuli's Assorted Antiques.
  1203 | D:2      | Bought a pink potion for 24 gold pieces
  1203 | D:2      | Bought a scroll labelled IBACAE VIDAFY for 27 gold pieces
  1313 | D:2      | Found Patoluev's Jewellery Shop.
  1762 | D:2      | Found Danyemap's Weapon Shop.
  1765 | D:2      | Reached skill level 1 in Conjurations
  1909 | D:2      | Found Efapax's Jewellery Emporium.
  1917 | D:2      | Identified a scroll of acquirement
  1917 | D:2      | Acquired the ring of Seguet Pitin {rF+ MP+9}
  2142 | D:2      | Found a runed translucent door.
  2143 | D:2      | Noticed Crazy Yiuf
  2251 | D:3      | Found a glowing golden altar of the Shining One.
  2580 | D:3      | Reached XP level 4. HP: 28/28 MP: 7/7
  2582 | D:3      | Reached skill level 2 in Conjurations
  2741 | D:3      | Found a hide-covered altar of Uskayaw.
  3057 | D:4      | Reached XP level 5. HP: 27/32 MP: 8/8
  3078 | D:4      | Reached skill level 3 in Conjurations
  3083 | D:4      | Acquired the ring of Xackusif {rC+ rN+ Will+ rCorr SInv}
  3223 | D:4      | Reached XP level 6. HP: 38/38 MP: 7/9
  3651 | D:4      | Found a staircase to the Ecumenical Temple.
  3671 | Temple   | Entered the Ecumenical Temple
  3980 | D:5      | Entered Level 5 of the Dungeon
  4028 | D:5      | Found an opulent altar of Gozag.
  4041 | D:5      | Reached skill level 1 in Long Blades
  4096 | D:5      | Noticed a black bear
  4100 | D:5      | Killed a black bear
  4101 | D:5      | Reached skill level 1 in Armour
  4101 | D:5      | Reached XP level 7. HP: 44/44 MP: 9/11
  4216 | D:5      | Reached skill level 5 in Earth Magic
  4545 | D:5      | Reached skill level 5 in Fighting
  4565 | D:5      | Found a bloodstained altar of Trog.
  4565 | D:5      | Found a radiant altar of Vehumet.
  4731 | D:5      | Found a hazy altar of Hepliaklqana.
  5597 | D:6      | Noticed Blork the orc
  5602 | D:6      | Killed Blork the orc
  5977 | D:6      | Reached XP level 8. HP: 36/49 MP: 6/13
  6831 | D:6      | Noticed Menkaure
  6837 | D:6      | Killed Menkaure
  7025 | D:6      | Reached skill level 5 in Spellcasting
  7068 | D:6      | Noticed a two-headed ogre
  7073 | D:6      | Killed a two-headed ogre
  7074 | D:6      | Reached skill level 4 in Conjurations
  7074 | D:6      | Reached XP level 9. HP: 7/55 MP: 10/17
  7082 | D:6      | Identified the ring "Xyru" {rPois Str+6}
  7331 | D:6      | Reached skill level 5 in Armour
  7334 | D:6      | Reached skill level 5 in Conjurations
  7518 | D:5      | Became a worshipper of Vehumet
  8010 | D:7      | Noticed a gargoyle
  8012 | D:7      | Noticed a cyclops
  8027 | D:7      | Reached XP level 10. HP: 63/63 MP: 7/21
  8178 | D:7      | Found a stormy altar of Qazlal.
  8269 | D:7      | Got the Quarto of Points and Momentum
  8286 | D:7      | Killed a gargoyle
  8460 | D:7      | Identified the +0 longbow "Qog Kubb" {antimagic, Int+3
                  | Dex-2}
  8488 | D:7      | Killed a cyclops
  8488 | D:7      | Reached * piety under Vehumet
  8488 | D:7      | Offered knowledge of Freeze by Vehumet.
  9660 | D:2      | Killed Crazy Yiuf
  9771 | D:2      | Bought a crooked gold wand for 108 gold pieces
  9995 | D:8      | Found an iron altar of Okawaru.
 10085 | D:8      | Reached skill level 1 in Summonings
 10150 | D:8      | Learned a level 7 spell: Orb of Destruction
 10158 | D:8      | Learned a level 7 spell: Spellforged Servitor
 10223 | D:8      | Reached skill level 6 in Conjurations
 10224 | D:8      | Noticed a kobold demonologist
 10425 | D:8      | Killed a kobold demonologist
 10615 | D:8      | Found an ancient bone altar of Kikubaaqudgha.
 10690 | D:8      | Reached ** piety under Vehumet
 10921 | D:8      | Offered knowledge of Poisonous Vapours by Vehumet.
 11252 | D:9      | Noticed a two-headed ogre
 11258 | D:9      | Killed a two-headed ogre
 11259 | D:9      | Reached skill level 7 in Conjurations
 11259 | D:9      | Reached XP level 11. HP: 68/68 MP: 20/23
 11394 | D:9      | Found a broken altar of Ashenzari.
 11660 | D:9      | Noticed Pikel
 11665 | D:9      | Killed Pikel
 11755 | D:9      | You fall into a shaft and drop 1 floor!
 11755 | D:10     | Entered Level 10 of the Dungeon
 11756 | D:10     | Acquired 1287 gold pieces
 11822 | D:9      | Offered knowledge of Mephitic Cloud by Vehumet.
 11915 | D:9      | Found a staircase to the Lair.
 12207 | D:2      | Bought an ancient quick blade for 540 gold pieces
 12207 | D:2      | Identified the +6 quick blade of Bainunuu {heavy, rElec
                  | rN+} (You bought it in a shop on level 2 of the Dungeon)
 12207 | D:2      | Bought a scroll of enchant armour for 202 gold pieces
 12528 | D:10     | Noticed a two-headed ogre
 12533 | D:9      | Killed a two-headed ogre
 12534 | D:9      | Reached skill level 8 in Conjurations
 12631 | D:9      | Reached *** piety under Vehumet
 12638 | D:9      | Noticed Maurice
 12681 | D:9      | Killed Maurice
 12842 | D:9      | Found a staircase to the Orcish Mines.
 12931 | D:9      | Noticed a two-headed ogre
 12939 | D:9      | Killed a two-headed ogre
 13237 | D:9      | Reached skill level 9 in Conjurations
 13857 | D:10     | Found a snail-covered altar of Cheibriados.
 14105 | D:2      | Bought an amulet of the acrobat for 300 gold pieces
 14394 | D:10     | Offered knowledge of Frozen Ramparts by Vehumet.
 14430 | D:10     | Reached XP level 12. HP: 53/76 MP: 17/25
 14770 | D:10     | Found a sacrificial altar of Ru.
 15294 | D:11     | Reached skill level 10 in Conjurations
 15296 | D:11     | Reached skill level 5 in Summonings
 15456 | D:11     | Learned a level 1 spell: Apportation
 15523 | D:11     | Noticed Josephine
 15910 | D:11     | Noticed a centaur warrior
 15917 | D:11     | Killed a centaur warrior
 16323 | D:12     | Noticed Kirke
 16420 | D:11     | Killed Josephine
 16529 | D:11     | Noticed a sphinx
 16529 | D:11     | Reached **** piety under Vehumet
 16536 | D:11     | Killed Kirke
 16537 | D:11     | Reached skill level 10 in Spellcasting
 16537 | D:11     | Reached skill level 11 in Conjurations
 17488 | Lair:1   | Entered Level 1 of the Lair of Beasts
 17657 | Lair:1   | Offered knowledge of Arcjolt by Vehumet.
 17664 | Lair:1   | Learned a level 5 spell: Arcjolt
 17672 | Lair:1   | Reached skill level 12 in Conjurations
 17735 | Lair:1   | Noticed a death yak
 17741 | Lair:1   | Killed a death yak
 18047 | Lair:1   | Reached skill level 1 in Air Magic
 18048 | Lair:1   | Reached XP level 13. HP: 70/80 MP: 25/27
 18405 | Lair:1   | Noticed Amaemon
 19613 | Lair:1   | Killed Amaemon
 20438 | Lair:2   | Found a staircase to the Snake Pit.
 20857 | Lair:2   | Noticed Gastronok
 20862 | Lair:2   | Killed Gastronok
 20863 | Lair:2   | Reached skill level 13 in Conjurations
 21683 | Lair:3   | Reached ***** piety under Vehumet
 21904 | Lair:3   | Found a staircase to the Shoals.
 21996 | Lair:3   | Offered knowledge of Airstrike by Vehumet.
 22031 | Lair:3   | Identified the ring "Jiwougin" {rC+ Will+ Str+6 Int+3}
 23127 | Lair:4   | Reached skill level 10 in Summonings
 23132 | Lair:4   | Reached skill level 14 in Conjurations
 23268 | Lair:4   | Gained mutation: Your large and strong wings let you fly.
                  | [Gargoyle growth]
 23268 | Lair:4   | Reached XP level 14. HP: 69/86 MP: 24/28
 24005 | Lair:5   | Entered Level 5 of the Lair of Beasts
 24005 | Lair:5   | Noticed Urug
 24034 | Lair:5   | Reached skill level 15 in Conjurations
 24203 | Lair:5   | Reached skill level 16 in Conjurations
 24203 | Lair:5   | Reached XP level 15. HP: 52/90 MP: 18/29
 24355 | Lair:5   | Killed Urug
 25484 | Lair:5   | Found a viscous altar of Jiyva.
 25617 | Lair:5   | Found a staircase to the Slime Pits.
 26120 | Lair:5   | Slain by a catoblepas

Illustrated notes

Levels and vault maps discovered:
D:1:      evilmike_arrival_hilbert_curve, layout_basic
D:2:      layout_basic, serial_shops, nicolae_shop_bloodbath_and_beyond, shop,
          nicolae_shop_stone, shop, minmay_3d_cube, uniq_crazy_yiuf_cottage
D:3:      minmay_diamond_boxcup, layout_basic,
          mainiacjoe_overflow_six_doors_small, nicolae_overflow_crystal_walls
D:4:      layout_basic, temple_green
D:5:      layout_basic, nicolae_gozag_seed_capital,
          nicolae_overflow_hidden_temple, kennysheep_little_box,
          dk_noncrumbling_2
D:6:      cheibrodos_barr_body, layout_basic, due_unseen_surprise,
          uniq_blork_the_orc, uniq_menkaure
D:7:      minmay_the_grid_octo_2x2 [minmay_the_grid_octo_horde,
          minmay_the_grid_octo_clover_2, minmay_the_grid_octo_empty,
          minmay_the_grid_octo_prize_square_snowflake], layout_loops_ring,
          mainiacjoe_overflow_alcove_1, kennysheep_generic_room_13
D:8:      layout_basic, kennysheep_vampire_church, kennysheep_okawaru_gauntlet
D:9:      layout_grid_maze, ashenzari_conservatory_becter,
          hellmonk_lair_entry_icy, uniq_pikel, uniq_maurice
D:10:     layout_cave_pods, cheibriados_altar_2,
          nicolae_ru_sacrificial_ziggurat, solitary_fountain,
          due_unseen_surprise
D:11:     layout_loops_ring, uniq_josephine
D:12:     layout_irregular_city, uniq_kirke
Temple:   hellmonk_temple_flake
Lair:1:   layout_small_grid, chequers_serial_rivers_micro_a, uniq_amaemon
Lair:2:   layout_chaotic_city, nicolae_snake_entry_squirm, nzn_sisyphean_effort,
          uniq_gastronok
Lair:3:   layout_gridlike, elwin_shoals_entry_stream
Lair:4:   layout_roguey, serial_bayou_shore_a
Lair:5:   hellmonk_lair_end_abyssal_woods, layout_cave_pods,
          minmay_slime_entry_pillars, special_room [special_room_bee],
          enter_volcano_2, patterned_corridor, uniq_urug

Skill      XL: |  1  2  3  4  5  6  7  8  9 10 11 12 13 14 15 |
---------------+----------------------------------------------+-----
Fighting       | 1 2 3 4 5 6 7 8 9 |  9.7
Conjurations   | 1 2 3 4 5 7 9 12 14 16 | 16.6
Earth Magic    | 4 5 6 7 8 9 |  9.7
Dodging        | 2 4 |  4.2
Long Blades    | 1 2 3 |  3.0
Armour         | 1 3 4 5 6 |  6.0
Spellcasting   | 3 5 7 8 9 10 | 10.4
Summonings     | 2 4 8 10 | 10.0
Air Magic      | 2 4 |  4.0
Stealth        | |  2.1
Transmutations | |  0.7

Action                     |  1- 3 |  4- 6 |  7- 9 | 10-12 | 13-15 || total
---------------------------+-------+-------+-------+-------+-------++-------
  Melee: Unarmed           |     2 |       |       |       |       ||     2
         Short sword       |    15 |     7 |       |       |       ||    22
         Punch             |     1 |       |       |       |     1 ||     2
         Spear             |       |     3 |       |       |       ||     3
         Long sword        |       |     3 |    17 |    33 |    15 ||    68
   Cast: Sandblast         |    49 |    64 |    65 |   225 |   105 ||   508
         Stone Arrow       |       |     9 |    66 |   148 |    88 ||   311
         Orb of Destructio |       |       |       |    10 |    56 ||    66
         Arcjolt           |       |       |       |     4 |    31 ||    35
         Spellforged Servi |       |       |       |       |    21 ||    21
    Use: Scroll            |     6 |     6 |     7 |     7 |     6 ||    32
         Potion            |       |       |     1 |     1 |     1 ||     3
   Stab: Sleeping          |       |     2 |       |       |       ||     2
 Armour: Robe              |    13 |    29 |    87 |   255 |   181 ||   565
         Steam dragon scal |       |       |       |    16 |       ||    16
  Dodge: Dodged            |    14 |    30 |    76 |   210 |   148 ||   478

Table legend: (Time is in decaauts)
 A = Elapsed time spent in this place.
 B = Non-inter-level travel time spent in this place.
 C = Inter-level travel time spent in this place.
 D = Time resting spent in this place.
 E = Time spent auto-exploring this place.
 F = Levels seen in this place.
 G = Mean time per level.
                   A        B        C        D        E       F      G
               +--------+--------+--------+--------+--------+-----+--------+
         Total |  26449 |  23686 |   2763 |   6985 |  13645 |  18 | 1469.4 |
       Dungeon |  18671 |  16067 |   2604 |   4388 |   9590 |  12 | 1555.9 |
        Temple |      1 |      0 |      1 |      0 |      0 |   1 |    1.0 |
          Lair |   7776 |   7619 |    157 |   2597 |   4055 |   5 | 1555.2 |
               +--------+--------+--------+--------+--------+-----+--------+

Top non-repeatable levels by time:
     D:9: 3054 daAuts
     D:6: 2504 daAuts
  Lair:5: 1965 daAuts
     D:5: 1811 daAuts
     D:7: 1739 daAuts
  Lair:2: 1709 daAuts
  Lair:1: 1554 daAuts
     D:2: 1543 daAuts
  Lair:4: 1510 daAuts
    D:11: 1365 daAuts
     D:4: 1319 daAuts
    D:10: 1240 daAuts
     D:1: 1180 daAuts
     D:8: 1088 daAuts
  Lair:3: 1036 daAuts
